 Dungeon Crawl Stone Soup version 0.30-a0-121-gb27577e5d9 (webtiles) character file.

Game seed: 5663458051445197986

44 IdlyInterested the Slasher (level 3, 0/27 HPs)
             Began as a Demonspawn Wanderer on Sept 14, 2022.
             Succumbed to an adder's poison
             ... on level 2 of the Dungeon.
             The game lasted 00:02:48 (1292 turns).

IdlyInterested the Slasher (Demonspawn Wanderer)    Turns: 1292, Time: 00:02:48

Health: 0/27       AC:  4    Str: 12    XL:     3   Next: 39%
Magic:  3/3        EV: 12    Int:  9    God:
Gold:   50         SH:  0    Dex: 18    Spells: 2/2 levels left

rFire   . . .      SeeInvis .    a - +2 falchion
rCold   . . .      Faith    .    (no shield)
rNeg    . . .      Spirit   .    e - +0 leather armour
rPois   .          Reflect  .    (helmet restricted)
rElec   .          Harm     .    c - +0 cloak
rCorr   .          Rampage  .    (no gloves)
Will    .....                    (no boots)
Stlth   +.........               (no amulet)
HPRegen 0.09/turn                i - ring of flight
MPRegen 0.08/turn                (no ring)

@: lethally poisoned (0 -> -14), flying
A: antennae 1, powered by pain 1
a: no special abilities


You were on level 2 of the Dungeon.
You visited 1 branch of the dungeon, and saw 2 of its levels.

You collected 50 gold pieces.

Inventory:

Hand Weapons
 a - a +2 falchion (weapon)
 g - a +1 dagger of freezing
Armour
 c - a +0 cloak (worn)
 e - a +0 leather armour (worn)
 h - a +0 plate armour
Jewellery
 i - a ring of flight (left hand)
Scrolls
 k - a scroll of identify {unknown}
 l - a scroll of magic mapping {unknown}
 m - a scroll of noise {unknown}
Potions
 d - 4 potions of attraction
 f - a potion of brilliance {unknown}
 j - a potion of mutation {unknown}


   Skills:
 * Level 1.8 Fighting
 - Level 1.0(3.1) Short Blades
 + Level 4.7(4.8) Long Blades
 - Level 1.0 Armour
 * Level 2.5 Dodging
 - Level 1.2 Invocations


You had 2 spell levels left.
You didn't know any spells.
Your spell library contained the following spells:

 Spells                   Type           Power      Damage    Failure   Level
 Sandblast                Erth           0%         2d4       45%         1
 Passwall                 Tmut/Erth      0%         N/A       61%         2
 Stone Arrow              Conj/Erth      0%         3d7       83%         3


Dungeon Overview and Level Annotations

Branches:
Dungeon (2/15)

Altars:


Innate Abilities, Weirdness & Mutations

You have a pair of small antennae on your head.
You sometimes gain a little power by taking damage.


Message History

You kill the dart slug!
The giant cockroach misses you.
You hit the giant cockroach but do no damage.
The giant cockroach barely misses you.
The giant cockroach bites you but does no damage.
You hit the giant cockroach.
You kill the giant cockroach!
You see here a giant cockroach corpse.
d - 4 potions of attraction (gained 2)
A goblin comes into view. It is wielding a +0 club.
An adder and a hobgoblin come into view.
The goblin shouts!
The adder hisses angrily.
The hobgoblin moves out of view.
Found 3 scrolls labelled NEOC KOIHOGHE.
You see here 11 gold pieces.
You now have 50 gold pieces (gained 11).
The goblin hits you with a +0 club.
You closely miss the goblin. The adder bites you.
You are poisoned.
The adder poisons you! The goblin hits you with a +0 club. The adder bites you.
You are more poisoned.
The adder poisons you!
You slash the goblin!
You kill the goblin!
You feel very sick. The adder bites you.
You are lethally poisoned!
The adder poisons you!
You closely miss the adder.
You feel very sick. The adder bites you.
* * * LOW HITPOINT WARNING * * *
You are more poisoned.
The adder poisons you!
You hit the adder but do no damage.
* * * LOW HITPOINT WARNING * * *
You feel very sick. The adder misses you. The adder closely misses you.
You closely miss the adder.
You die...

### ### #.. ..#######
#.###........
#.#..........
#.#.#@####..
###...Sg.##..
#.......).....
##........##...
#......"....#...
######.†.......##g#.?
.....................
#######<.......### #
#..##.#..#


You could see an adder and a hobgoblin.

Vanquished Creatures
  3 dart slugs
  An endoplasm (D:1)
  3 giant cockroaches
  4 goblins
  4 hobgoblins (D:1)
  3 jackals (D:1)
  2 kobolds (D:1)
  A quokka (D:1)
  3 ball pythons (D:1)
  2 bats (D:1)
  7 frilled lizards (D:1)
  2 rats (D:1)
35 creatures vanquished.

Notes
Turn   | Place    | Note
-------+----------+-------------------------------------------
     0 | D:1      | IdlyInterested the Demonspawn Wanderer began the quest for
                  | the Orb.
     0 | D:1      | IdlyInterested set off with the following items: a +2
                  | falchion, a +0 short sword, a +0 helmet, a potion of
                  | attraction, a +0 leather armour.
     0 | D:1      | Reached XP level 1. HP: 13/13 MP: 1/1
   172 | D:1      | Found a faded altar of an unknown god.
   189 | D:1      | Gained mutation: You sometimes gain a little power by
                  | taking damage. [demonic ancestry]
   189 | D:1      | Reached XP level 2. HP: 18/20 MP: 2/2
   190 | D:1      | Reached skill level 1 in Fighting
   652 | D:1      | Gained mutation: You have a pair of small antennae on your
                  | head. [demonic ancestry]
   652 | D:1      | Reached XP level 3. HP: 24/26 MP: 3/3
  1292 | D:2      | Succumbed to an adder's poison

Illustrated notes

Levels and vault maps discovered:
D:1:      tarquinn_simple_flora_water_f, layout_loops_ring,
          nicolae_ecumenical_snake_handling
D:2:      layout_loops_ring, serial_bayou, serial_bayou_pond_d,
          serial_bayou_pond_c, serial_bayou_pond_b, serial_bayou_lagoon_b,
          minmay_goblin_kobold_house, uniq_crazy_yiuf_cottage, uniq_robin

Skill      XL: |  1  2 |
---------------+-------+-----
Dodging        | 2 |  2.5
Fighting       | 1 |  1.8
Short Blades   | |  1.0
Long Blades    | |  4.7
Armour         | |  1.0
Invocations    | |  1.2

Action                   || total
-------------------------++-------
Melee: Falchion          ||    94
 Stab: Sleeping          ||     1
Armor: Leather armour    ||    27
Dodge: Dodged            ||    68

Table legend: (Time is in decaauts)
 A = Elapsed time spent in this place.
 B = Non-inter-level travel time spent in this place.
 C = Inter-level travel time spent in this place.
 D = Time resting spent in this place.
 E = Time spent auto-exploring this place.
 F = Levels seen in this place.
 G = Mean time per level.
                   A        B        C        D        E       F      G
               +--------+--------+--------+--------+--------+-----+--------+
         Total |   1297 |   1226 |     71 |    100 |    831 |   2 |  648.5 |
       Dungeon |   1297 |   1226 |     71 |    100 |    831 |   2 |  648.5 |
               +--------+--------+--------+--------+--------+-----+--------+

Top non-repeatable levels by time:
     D:1: 1274 daAuts
     D:2: 23 daAuts
